 Dungeon Crawl Stone Soup version 0.26-a0-651-gb41185065b (webtiles) character file.

Game seed: 2864852644479409801

1372 Flugslaktarn the Chopper (level 8, -5/73 HPs)
             Began as a Deep Dwarf Fighter on Oct 27, 2020.
             Was an Initiate of Makhleb.
             Slain by a large slime creature (35 damage)
             ... on level 6 of the Dungeon.
             The game lasted 00:01:51 (2632 turns).

Flugslaktarn the Chopper (Deep Dwarf Fighter)       Turns: 2632, Time: 00:01:51

Health: -5/73      AC: 14    Str: 21      XL:     8   Next: 38%
Magic:  6/6        EV:  6    Int:  9      God:    Makhleb [......]
Gold:   284        SH: 10    Dex: 11 (13) Spells: 7/7 levels left

rFire    . . .     SeeInvis .   a - +1 war axe
rCold    . . .     Faith    .   c - +0 kite shield
rNeg     . . .     Spirit   .   t - +0 chain mail
rPois    .         Reflect  .   (no helmet)
rElec    .         Harm     .   b - scarf {shadows}
rCorr    .         Rampage  .   j - +0 pair of gloves
MR       +....                  n - +2 pair of boots {Stlth+}
Stlth    ..........             (no amulet)
HPRegen  0.00/turn              (no ring)
MPRegen  0.10/turn              (no ring)

@: non-regenerating
A: damage resistance, heal wounds, sense surroundings 1, no regeneration
a: Heal Wounds, Renounce Religion


You were on level 6 of the Dungeon.
You worshipped Makhleb.
Makhleb was noncommittal.
You visited 2 branches of the dungeon, and saw 7 of its levels.

You collected 284 gold pieces.

Inventory:

Hand Weapons
 a - a +1 war axe (weapon)
Armour
 b - a scarf of shadows (worn)
   (You found it on level 5 of the Dungeon)
 c - a +0 kite shield (worn)
 j - a +0 pair of gloves (worn)
   (You found it on level 3 of the Dungeon)
 n - a +2 pair of boots of stealth (worn)
   (You found it on level 4 of the Dungeon)
 t - a +0 chain mail (worn)
   (You took it off Edmund on level 5 of the Dungeon)
Jewellery
 k - an uncursed ring of resist corrosion
   (You took it off an orc on level 6 of the Dungeon)
Wands
 m - a wand of enslavement (3)
   (You found it on level 4 of the Dungeon)
Scrolls
 f - 2 scrolls of fear {unknown}
 g - a scroll of enchant weapon
 i - a scroll of blinking {unknown}
 l - a scroll of enchant armour
 o - a scroll of amnesia {unknown}
 r - a scroll of magic mapping {unknown}
 x - 5 scrolls of remove curse
Potions
 d - a potion of might
 e - a potion of ambrosia {unknown}
 h - 2 potions of invisibility
 p - 2 potions of cancellation {unknown}
 q - 3 potions of curing
 s - a potion of flight {unknown}


   Skills:
 + Level 4.9 Fighting
 * Level 7.3 Axes
 + Level 5.9 Armour
 + Level 1.1 Dodging
 - Level 5.6 Shields
 + Level 1.5 Invocations
 + Level 1.5 Evocations


You had 7 spell levels left.
You didn't know any spells.
Your spell library was empty.

Dungeon Overview and Level Annotations

Branches:
Dungeon (6/15)             Temple (1/1) D:6

Altars:
Ashenzari
Cheibriados
Dithmenos
Elyvilon
Fedhas
Gozag
Hepliaklqana
Kikubaaqudgha
Makhleb
Nemelex Xobeh
Okawaru
Qazlal
Ru
Sif Muna
Trog
Vehumet
Wu Jian
Xom
Yredelemnul
Zin
The Shining One


Innate Abilities, Weirdness & Mutations

You are resistant to damage.
You can heal yourself by infusing magical energy.
You passively map a small area around you.
You do not regenerate.


Message History

The fungus is splashed with acid.
The acid corrodes the fungus!
You slash the ooze!
You kill the ooze!
Makhleb accepts your kill.
You hit the fungus.
You hit the slime creature but do no damage.
Two slime creatures merge to form a large slime creature.
You slash the large slime creature!
The large slime creature is lightly wounded.
You slash the ooze! You hit the fungus. The ooze barely misses you.
The large slime creature barely misses you.
The jelly hits the fungus.
The fungus is splashed with acid!
The jelly hits the fungus.
The fungus is splashed with acid.
The fungus seems to be corroded for longer.
You slash the ooze!
You kill the ooze!
Makhleb accepts your kill.
You slash the large slime creature! You slash the fungus!
The large slime creature hits you!!!
You die...

#...... ##..... * * * ##.....
, , , ..#######...... , ,, *
*, * #.............. ,
#######........ ,* ######
###...... ##########÷J...÷
#.....> #####......##@PJ..÷P
##..... #.##.......#.#JJ...÷*
##...... ##()).......#.#....P.
#..##### #(.().......#.#.÷....
#.## #.('(.....#'#)#.÷.P÷.
##.#
##..##.....#.#.#......*#..####
#..####[...#.#.#P.P.÷P
#.....### #.### #######.## , ,
#.......< ##...##*########*
*#....)###


You could see a large slime creature, 2 jellies and an ooze.

Vanquished Creatures
  Edmund (D:5)
  2 ice beasts
  A phantom (D:6)
  2 ogres (D:6)
  A centaur (D:5)
  A bullfrog (D:6)
  2 big kobolds (D:6)
  A howler monkey (D:4)
  2 quasits (D:6)
  2 orc priests (D:6)
  An iguana (D:6)
  5 orc wizards
  4 worker ants
  A hound skeleton (D:5)
  2 adders
  A shadow imp (D:6)
  An ufetubus (D:6)
  3 oozes (D:6)
  2 adder skeletons
  3 worms
  2 leopard geckos
  16 orcs
  A ball python (D:4)
  4 giant cockroaches
  2 hobgoblins
  2 jackals (D:1)
  2 quokkas
  A frilled lizard (D:2)
  3 goblins
  A jackal zombie (D:6)
  5 kobolds (D:6)
  2 leopard gecko skeletons
  A rat (D:1)
80 creatures vanquished.

Vanquished Creatures (others)
  6 plants (D:3)
  7 toadstools (D:6)
13 creatures vanquished.

Grand Total: 93 creatures vanquished

Notes
Turn   | Place    | Note
-------+----------+-------------------------------------------
     0 | D:1      | Flugslaktarn the Deep Dwarf Fighter began the quest for the
                  | Orb.
     0 | D:1      | Reached XP level 1. HP: 20/20 MP: 1/1
   118 | D:2      | Reached XP level 2. HP: 27/27 MP: 2/2
   321 | D:3      | Reached skill level 3 in Axes
   321 | D:3      | Reached XP level 3. HP: 30/34 MP: 3/3
   416 | D:4      | Reached XP level 4. HP: 32/42 MP: 4/4
   742 | D:4      | Reached skill level 4 in Axes
  1121 | D:4      | Reached XP level 5. HP: 23/49 MP: 5/5
  1198 | D:5      | Entered Level 5 of the Dungeon
  1362 | D:5      | Noticed Edmund
  1395 | D:5      | Killed Edmund
  1395 | D:5      | Reached XP level 6. HP: 27/57 MP: 6/6
  1571 | D:5      | Reached skill level 5 in Axes
  1606 | D:5      | Noticed an ice beast
  1614 | D:5      | Killed an ice beast
  2008 | D:6      | Found a shimmering blue altar of Sif Muna.
  2030 | D:6      | Reached skill level 5 in Armour
  2030 | D:6      | Reached XP level 7. HP: 26/64 MP: 6/6
  2091 | D:6      | Reached skill level 5 in Shields
  2099 | D:6      | Reached skill level 6 in Axes
  2239 | D:6      | Reached XP level 8. HP: 71/73 MP: 5/5
  2267 | D:6      | Found a staircase to the Ecumenical Temple.
  2285 | Temple   | Entered the Ecumenical Temple
  2459 | Temple   | Became a worshipper of Makhleb the Destroyer
  2544 | D:6      | Reached skill level 7 in Axes
  2548 | D:6      | Reached skill level 1 in Evocations
  2576 | D:6      | Reached skill level 1 in Invocations
  2592 | D:6      | Reached skill level 1 in Dodging
  2627 | D:6      | Noticed a slime creature
  2627 | D:6      | Noticed a slime creature
  2632 | D:6      | Slain by a large slime creature

Illustrated notes

Levels and vault maps discovered:
D:1:      wander_arrival_peaceful_grave, layout_basic, minmay_split_cup_small
D:2:      layout_basic
D:3:      wad_woods_stonehenge, layout_basic, gammafunk_ghost_arena
D:4:      layout_basic
D:5:      layout_basic, serial_glass, glass_columns_a, glass_columns_a,
          uniq_edmund
D:6:      cheibrodos_fertilizer, layout_rooms,
          minmay_temple_entry_statues_fountains, basic_altar
Temple:   kilobyte_greek_temple

Skill      XL: |  1  2  3  4  5  6  7  8 |
---------------+-------------------------+-----
Fighting       | 3 4 |  4.9
Axes           | 3 4 5 6 7 |  7.3
Armour         | 4 5 |  5.9
Shields        | 4 5 |  5.6
Evocations     | 1 |  1.5
Invocations    | 1 |  1.5
Dodging        | 1 |  1.1

Action                   |  1- 3 |  4- 6 |  7- 9 || total
-------------------------+-------+-------+-------++-------
Melee: War axe           |    71 |    95 |   130 ||   296
 Abil: Heal Wounds       |     2 |     5 |     6 ||    13
  Use: Scroll            |       |     5 |       ||     5
       Potion            |       |     2 |       ||     2
Armor: Scale mail        |    32 |    29 |       ||    61
       Chain mail        |       |    11 |   120 ||   131
Dodge: Dodged            |    17 |    34 |    55 ||   106
Block: Kite shield       |    36 |    50 |    92 ||   178

Table legend: (Time is in decaauts)
 A = Elapsed time spent in this place.
 B = Non-inter-level travel time spent in this place.
 C = Inter-level travel time spent in this place.
 D = Time resting spent in this place.
 E = Time spent auto-exploring this place.
 F = Levels seen in this place.
 G = Mean time per level.
                   A        B        C        D        E       F      G
               +--------+--------+--------+--------+--------+-----+--------+
         Total |   2723 |   2527 |    196 |      0 |   1873 |   7 |  389.0 |
       Dungeon |   2510 |   2391 |    119 |      0 |   1740 |   6 |  418.3 |
        Temple |    212 |    135 |     77 |      0 |    133 |   1 |  212.0 |
               +--------+--------+--------+--------+--------+-----+--------+

Top non-repeatable levels by time:
     D:4: 864 daAuts
     D:5: 803 daAuts
     D:6: 465 daAuts
  Temple: 212 daAuts
     D:2: 182 daAuts
     D:3: 142 daAuts
     D:1: 51 daAuts
